Map: Magannatha LE

Players

ManlyManMeat - Winner!

  • Race: Protoss Protoss
  • League: Platinum
  • Spawn Location: 5:00

dunger

  • Race: Protoss Protoss
  • League: Gold
  • Spawn Location: 11:00

VOD

Have the link to the VOD?

Description

Time

  • Played on: June 19, 2025, 2:15 p.m.
  • Length: 6:46
Show
View Real Time Build Order
Export as new Build Order

ManlyManMeat Protoss - Winner!

Build Orders: Blink Stalkers 

Get SALT Encoding   

  12  0:00  Probe  
  13  0:12  Probe  
  14  0:20  Pylon  
  14  0:23  Probe  
  15  0:34  Probe  
  15  0:40  Gateway  
  16  0:42  Probe  
  16  0:47  Assimilator  
  17  0:55  Probe  
  18  1:07  Probe  
  19  1:18  Gateway  
  19  1:19  Probe  
  20  1:30  Cybernetics Core  
  20  1:31  Probe  
  23  1:45  Pylon  
  23  1:47  Probe  
  22  1:57  Stalker  
  22  2:02  Assimilator  
  22  2:08  Twilight Council  
  24  2:18  Probe  
  25  2:30  Probe, Nexus  
  26  2:37  Warp Gate  
  26  2:44  Blink  
  26  2:45  Stalker  
  28  3:14  Stalker  
  30  3:21  Pylon  
  30  3:28  Stalker  
  30  3:33  Forge  
  32  3:41  Stalker  
  32  3:45  Probe x2  
  36  3:53  Protoss Ground Weapons Level 1, Stalker  
  38  4:03  Probe  
  38  4:06  Probe  
  40  4:15  Probe  
  41  4:18  Gateway, Probe  
  41  4:22  Robotics Facility  
  42  4:27  Stalker  
  44  4:35  Stalker  
  46  4:43  Probe x2  
  48  4:52  Stalker  
  50  4:55  Probe x2  
  52  5:07  Probe x2  
  50  5:22  Probe x2  
  50  5:24  Stalker  
  54  5:45  Assimilator  
  54  5:46  Assimilator  
  54  6:05  Pylon x2  
  54  6:23  Probe x2  
  56  6:37  Stalker x3  
Show
View Real Time Build Order
Export as new Build Order

dunger Protoss 

Build Orders: 1 Gate Expand 

Get SALT Encoding   

  12  0:00  Probe  
  13  0:12  Probe  
  14  0:17  Pylon  
  14  0:24  Probe  
  15  0:36  Probe  
  15  0:40  Gateway  
  16  0:46  Assimilator  
  16  0:49  Probe  
  17  1:01  Probe  
  18  1:19  Nexus  
  18  1:28  Cybernetics Core  
  18  1:35  Probe  
  19  1:41  Assimilator  
  19  1:46  Warp Gate  
  19  1:47  Probe  
  20  1:56  Pylon, Adept  
  20  1:59  Probe  
  23  2:14  Probe  
  24  2:16  Adept  
  24  2:17  Gateway  
  24  2:26  Probe  
  27  2:31  Probe  
  28  2:38  Probe  
  28  2:43  Probe  
  30  2:50  Probe  
  31  2:55  Probe  
  31  2:58  Forge  
  32  3:02  Probe  
  33  3:07  Probe  
  34  3:14  Probe  
  34  3:19  Probe  
  36  3:26  Probe  
  37  3:29  Twilight Council  
  37  3:31  Pylon x2  
  37  3:34  Stargate  
  37  3:37  Probe  
  37  3:38  Probe  
  39  3:49  Probe  
  39  3:50  Probe  
  41  3:59  Assimilator  
  41  4:00  Assimilator  
  41  4:01  Probe  
  42  4:03  Probe  
  42  4:05  Pylon  
  43  4:12  Pylon  
  43  4:15  Pylon x2  
  43  4:18  Stalker x2  
  43  4:20  Pylon, Probe x2  
  43  4:23  Oracle  
  49  4:32  Probe x2  
  54  4:46  Dark Shrine  
  54  4:50  Probe x2  
  56  4:54  Stalker  
  56  4:55  Stalker  
  58  5:02  Probe x2  
  51  5:27  Stalker  
  49  5:36  Void Ray  
  46  5:48  Gateway  
  43  5:51  Gateway  
  43  5:56  Stalker  
  39  6:03  Photon Cannon x2  
  33  6:06  Probe x2  
  35  6:14  Forge  
  37  6:23  Dark Templar  
Tags
 
Composition
Blink Stalkers
Matchup
PvP
Replay Pack
Myownreplay2
Spawn Locations
Cross Positions
Add a new tag
Caveats
  • Supply blocks, unpowered buildings, or Contaminate may cause inaccurate times.
  • Supply counts are checked every 10 seconds.